 Dungeon Crawl Stone Soup version 0.26.1-2-gb8aa6d0cf2 (webtiles) character file.

Game seed: 6324550591010737445

35271 Amaterasu the Impaler (level 13, -5/107 HPs)
             Began as a Minotaur Fighter on Feb 12, 2021.
             Was the Champion of Okawaru.
             Slain by a boulder beetle (24 damage)
             ... on level 5 of the Lair of Beasts.
             The game lasted 00:23:23 (17537 turns).

Amaterasu the Impaler (Minotaur Fighter)           Turns: 17537, Time: 00:23:23

Health: -5/107     AC: 21    Str: 24    XL:     13   Next: 46%
Magic:  17/17      EV: 11    Int: 11    God:    Okawaru [******]
Gold:   778        SH:  0    Dex: 12    Spells: 12/12 levels left

rFire    + . .     SeeInvis .   O - +4 glaive (vorpal)
rCold    + + .     Faith    .   (shield currently unavailable)
rNeg     . . .     Spirit   .   k - +0 plate armour
rPois    .         Reflect  .   P - +0 hat
rElec    .         Harm     .   U - scarf {rC+ rF+}
rCorr    .         Rampage  .   N - +1 pair of gloves
Will     .....                  (no boots)
Stlth    ..........             (no amulet)
HPRegen  0.67/turn              D - +6 ring of intelligence
MPRegen  0.15/turn              f - ring of protection from cold

@: confused, lethally poisoned (-5 -> -5)
A: retaliatory headbutt, horns 2, molten scales 1, yellow scales 1, frail 1,
regeneration 1, evolution 1
a: Renounce Religion, Heroism, Finesse


You were on level 5 of the Lair of Beasts.
You worshipped Okawaru.
Okawaru was exalted by your worship.
You visited 3 branches of the dungeon, and saw 16 of its levels.

You collected 802 gold pieces.
You spent 24 gold pieces at shops.

Inventory:

Hand Weapons
 a - a +1 trident
 O - a +4 vorpal glaive (weapon)
 Q - a +2 bardiche of venom
Missiles
 A - 12 javelins (quivered)
Armour
 c - a +0 kite shield
 k - a +0 plate armour (worn)
 N - a +1 pair of gloves (worn)
 P - a +0 hat (worn)
 U - a scarf of resistance (worn)
Jewellery
 f - a ring of protection from cold (right hand)
 m - an uncursed ring of flight
 n - an uncursed ring of ice
 r - an uncursed ring of fire
 y - an uncursed ring of magical power
 D - a +6 ring of intelligence (left hand)
Wands
 b - a wand of digging (16)
 e - a wand of iceblast (18)
 v - a wand of random effects (36)
 B - a wand of flame (9)
 F - a wand of paralysis (12)
 G - a wand of disintegration (15)
 K - a wand of enslavement (9)
 R - a wand of acid (8)
 S - a wand of polymorph (13)
Scrolls
 i - 8 scrolls of teleportation
 l - 4 scrolls of blinking
 s - 2 scrolls of amnesia
 w - 2 scrolls of enchant armour
 H - 6 scrolls of remove curse
 I - 2 scrolls of fog
 J - a scroll of summoning
 L - a scroll of identify
 M - 2 scrolls of magic mapping
 T - a scroll of enchant weapon
Potions
 d - a potion of might
 g - 3 potions of berserk rage
 h - a potion of ambrosia
 j - 2 potions of curing
 o - 3 potions of haste
 p - a potion of brilliance
 q - 4 potions of flight
 t - 2 potions of magic
 x - 2 potions of resistance
 z - 2 potions of mutation
 C - 2 potions of invisibility
 E - a potion of attraction
Miscellaneous
 u - a lightning rod (4/4)


   Skills:
 * Level 12.8 Fighting
 * Level 16.1 Polearms
 * Level 10.9 Armour
 - Level 8.0 Dodging
 - Level 3.6 Shields
 - Level 7.0 Invocations
 * Level 7.1 Evocations


You had 12 spell levels left.
You didn't know any spells.
Your spell library contained the following spells:

 Spells                   Type           Power        Failure   Level
 Summon Small Mammal      Summ           0%           98%         1
 Call Imp                 Summ           0%           99%         2
 Call Canine Familiar     Summ           0%           100%        3
 Ignite Poison            Fire/Tmut/Pois 0%           100%        3
 Summon Guardian Golem    Hex/Summ       0%           100%        3
 Summon Ice Beast         Ice/Summ       0%           100%        4
 Summon Lightning Spire   Summ/Air       0%           100%        4
 Fireball                 Conj/Fire      0%           100%        5
 Starburst                Conj/Fire      0%           100%        6
 Ignition                 Fire           0%           100%        8


Dungeon Overview and Level Annotations

Branches:
Dungeon (10/15)            Temple (1/1) D:5            Lair (5/6) D:9
  Swamp (0/4) Lair:2        Snake (0/4) Lair:3          Orc (0/2) D:9
  Slime: Lair:5-6

Altars:
Ashenzari
Cheibriados
Fedhas
Gozag
Hepliaklqana
Kikubaaqudgha
Makhleb
Nemelex Xobeh
Okawaru
Qazlal
Ru
Trog
Uskayaw
Wu Jian
Xom
Yredelemnul
Beogh

Shops:
D:5 *:[?(   D:7 :*

Annotations:
D:6 3 runed translucent doors, Brandiur's ghost, novice DrVM
Lair:3 3 runed translucent doors, Dikli's ghost, journeyman MiBe


Innate Abilities, Weirdness & Mutations

You reflexively headbutt those who attack you in melee.
You have a pair of horns on your head.
You are partially covered in molten scales. (AC +2)
You are partially covered in yellow scales. (AC +2)
You are frail. (-10% HP)
Your natural rate of healing is unusually fast.
You evolve.


Message History

You are too injured to fight recklessly!
You are too injured to fight recklessly!
You are too injured to fight recklessly!
You hit the boulder beetle but do no damage.
The boulder beetle is moderately wounded.
The yak closely misses you. You furiously retaliate!
You headbutt the yak. The boulder beetle bites you!!
* * * LOW HITPOINT WARNING * * *
You hit the boulder beetle but do no damage.
The boulder beetle is moderately wounded.
You feel sick. The yak completely misses you. You furiously retaliate!
You headbutt the yak. The yak gores you but does no damage.
The boulder beetle bites you!
* * * LOW HITPOINT WARNING * * *
You feel sick.
You are confused.
You feel invigorated.
The boulder beetle curls into a ball and begins rolling!
You bump into the rock wall.
You feel sick. The boulder beetle hits you!!
You die...

#. #°.....P ..P.... ..
..##.°..#.##..#.... ..
.....B.Y........... .P.
................... ...
.........†.........
..............##.........#.
...............Y......<....
.........#..P.○Y###†.....P.
.............PPB@..........
...........................
...........................
.....##P........#P.........
.........................<.
............†..##........##
.........P#P†.#........#..P
.P.........................
..P......P........#....#...


You could see a boulder beetle and 2 yaks.

Vanquished Creatures
  Gastronok (Lair:3)
  2 boulder beetles
  2 hydras
  Harold (D:8)
  2 death yaks (Lair:4)
  Pikel (D:8)
  An elephant (Lair:5)
  2 torpor snails
  7 cane toads
  6 black mambas
  Maggie (D:7)
  2 rime drakes
  4 komodo dragons
  A troll (D:10)
  3 polar bears
  14 blink frogs
  3 wyverns
  Sigmund (D:2)
  Grum (D:8)
  46 yaks
  3 steam dragons
  A basilisk (Lair:3)
  Duvessa (D:4)
  26 water moccasins
  4 black bears
  4 orc warriors
  3 sky beasts
  3 phantoms
  An ice beast (D:9)
  6 centaurs
  18 wolves
  5 ogres
  4 lemures (D:8)
  A big kobold (D:9)
  16 bullfrogs
  A wyvern zombie (D:8)
  Dowan (D:4)
  5 scorpions
  23 killer bees
  2 howler monkeys
  7 wights
  An electric eel (Lair:1)
  A bullfrog zombie (D:8)
  A bullfrog skeleton (D:7)
  3 orc priests
  A gnoll shaman (D:6)
  A hound (D:5)
  2 centaur skeletons
  Ijyb (D:5)
  6 iguanas
  5 orc wizards
  7 worker ants
  A hound zombie (D:6)
  A hound skeleton (D:9)
  2 worker ant zombies
  Robin (D:2)
  2 howler monkey zombies (D:7)
  9 gnolls
  17 adders
  A shadow imp (D:7)
  5 white imps
  An ufetubus (D:5)
  An adder zombie (D:9)
  4 adder skeletons
  3 dart slugs (D:1)
  10 leopard geckos
  38 orcs
  3 ball pythons
  4 giant cockroaches
  7 hobgoblins
  11 jackals
  5 quokkas
  6 bats
  6 frilled lizards
  16 goblins
  A jackal skeleton (D:4)
  11 kobolds
  A quokka skeleton (D:6)
  10 rats
442 creatures vanquished.

Vanquished Creatures (others)
  34 fungi
  38 plants
72 creatures vanquished.

Grand Total: 514 creatures vanquished

Notes
Turn   | Place    | Note
-------+----------+-------------------------------------------
     0 | D:1      | Amaterasu the Minotaur Fighter began the quest for the Orb.
     0 | D:1      | Reached XP level 1. HP: 19/19 MP: 0/0
   109 | D:1      | Reached XP level 2. HP: 25/27 MP: 1/1
   396 | D:1      | Reached XP level 3. HP: 35/35 MP: 2/2
   510 | D:1      | Reached skill level 3 in Polearms
   845 | D:2      | Reached skill level 5 in Fighting
  1066 | D:2      | Noticed Sigmund
  1084 | D:2      | Killed Sigmund
  1085 | D:2      | Reached skill level 5 in Polearms
  1085 | D:2      | Reached XP level 4. HP: 30/44 MP: 3/3
  1085 | D:2      | Reached XP level 5. HP: 34/50 MP: 4/4
  1330 | D:2      | Noticed Robin
  1351 | D:2      | Killed Robin
  1962 | D:3      | Reached XP level 6. HP: 57/57 MP: 5/5
  2432 | D:4      | Reached skill level 6 in Polearms
  2441 | D:4      | Reached skill level 1 in Evocations
  2935 | D:4      | Noticed Dowan
  2937 | D:4      | Noticed Duvessa
  2960 | D:4      | Killed Duvessa
  2961 | D:4      | Reached skill level 1 in Dodging
  2980 | D:4      | Killed Dowan
  2981 | D:4      | Reached skill level 7 in Polearms
  2981 | D:4      | Reached XP level 7. HP: 26/63 MP: 6/6
  3340 | D:5      | Entered Level 5 of the Dungeon
  3399 | D:5      | Reached skill level 5 in Armour
  3404 | D:5      | Found Nudy's Magic Scroll Shop.
  3452 | D:5      | Noticed Ijyb
  3453 | D:5      | Found Giufy Dis's Antique Weapon Shoppe.
  3479 | D:5      | Killed Ijyb
  3594 | D:5      | Found a staircase to the Ecumenical Temple.
  3610 | Temple   | Entered the Ecumenical Temple
  3643 | Temple   | Became a worshipper of Warmaster Okawaru
  3768 | D:5      | Reached skill level 8 in Polearms
  3803 | D:5      | Found Guvuitin's Armour Emporium.
  4112 | D:5      | Found Zoewn's Book Shoppe.
  4156 | D:5      | Found Ixiuz's Assorted Antiques.
  4163 | D:5      | Bought an inky potion for 24 gold pieces
  4398 | D:6      | Reached skill level 1 in Invocations
  4398 | D:6      | Reached XP level 8. HP: 66/71 MP: 7/7
  4436 | D:6      | Found a runed translucent gate.
  4436 | D:6      | Found a runed translucent gate.
  4436 | D:6      | Found a runed translucent gate.
  4437 | D:6      | Noticed Brandiur's ghost (novice DrVM)
  5654 | D:6      | Reached * piety under Okawaru
  5798 | D:7      | Noticed a +0 dagger
  5798 | D:7      | Noticed a +0 dagger
  5800 | D:7      | Found a hide-covered altar of Uskayaw.
  5848 | D:7      | Found Liahua's General Store.
  6140 | D:7      | Reached ** piety under Okawaru
  6141 | D:7      | Reached XP level 9. HP: 56/82 MP: 10/10
  6556 | D:7      | Found Rokaij's Book Emporium.
  6564 | D:7      | Reached skill level 9 in Polearms
  6669 | D:7      | Noticed Maggie
  6700 | D:7      | Killed Maggie
  7247 | D:8      | Reached skill level 10 in Polearms
  7655 | D:8      | Reached *** piety under Okawaru
  7690 | D:8      | Noticed Grum
  7735 | D:8      | Killed Grum
  8003 | D:8      | Noticed Harold
  8027 | D:8      | Noticed Pikel
  8081 | D:8      | Reached XP level 10. HP: 37/91 MP: 12/12
  8101 | D:8      | Killed Harold
  8102 | D:8      | Reached skill level 11 in Polearms
  8192 | D:8      | Killed Pikel
  8192 | D:8      | Reached **** piety under Okawaru
  8738 | D:9      | Received a gift from Okawaru
  8748 | D:8      | Reached skill level 5 in Dodging
  8839 | D:8      | Reached skill level 10 in Fighting
  8968 | D:8      | Reached skill level 12 in Polearms
  9126 | D:9      | Reached skill level 5 in Invocations
  9132 | D:9      | Reached skill level 5 in Evocations
  9578 | D:9      | Found a staircase to the Lair.
  9591 | D:9      | Found a roughly hewn altar of Beogh.
  9606 | D:9      | Reached XP level 11. HP: 51/99 MP: 13/13
  9647 | D:9      | Reached ***** piety under Okawaru
  9907 | D:9      | Found a staircase to the Orcish Mines.
 10196 | D:9      | Found a blossoming altar of Fedhas.
 10437 | D:10     | Entered Level 10 of the Dungeon
 11834 | D:10     | Found a sacrificial altar of Ru.
 12019 | Lair:1   | Entered Level 1 of the Lair of Beasts
 12670 | Lair:1   | Reached skill level 13 in Polearms
 13663 | Lair:1   | Gained mutation: Your natural rate of healing is unusually
                  | fast. [potion of mutation]
 13663 | Lair:1   | Gained mutation: You are partially covered in molten
                  | scales. (AC +2) [potion of mutation]
 13663 | Lair:1   | Gained mutation: You are frail. (-10% HP) [potion of
                  | mutation]
 13663 | Lair:1   | Gained mutation: You evolve. [potion of mutation]
 13865 | Lair:2   | Found a staircase to the Swamp.
 13865 | Lair:2   | Noticed a five-headed hydra
 13879 | Lair:2   | Killed a five-headed hydra
 13879 | Lair:2   | Reached ****** piety under Okawaru
 13940 | Lair:2   | Noticed a boulder beetle
 14021 | Lair:2   | Received a gift from Okawaru
 14091 | Lair:2   | Reached XP level 12. HP: 69/97 MP: 15/15
 14271 | Lair:2   | Killed a boulder beetle
 14272 | Lair:2   | Reached skill level 14 in Polearms
 14701 | Lair:3   | Reached skill level 10 in Armour
 14837 | Lair:3   | Found a runed translucent gate.
 14837 | Lair:3   | Found a runed translucent gate.
 14837 | Lair:3   | Found a runed translucent gate.
 14837 | Lair:3   | Noticed Dikli's ghost (journeyman MiBe)
 14838 | Lair:3   | Noticed an 11-headed hydra
 14839 | Lair:3   | Noticed a 12-headed hydra
 14899 | Lair:3   | Received a gift from Okawaru
 15060 | Lair:3   | Found a staircase to the Snake Pit.
 15153 | Lair:3   | Noticed Gastronok
 15163 | Lair:3   | Killed Gastronok
 15182 | Lair:3   | Gained mutation: You are partially covered in yellow
                  | scales. (AC +2) [evolution]
 15267 | Lair:3   | Reached skill level 15 in Polearms
 15891 | Lair:4   | Received a gift from Okawaru
 16288 | Lair:4   | Noticed a boulder beetle
 16305 | Lair:4   | Killed a boulder beetle
 16315 | Lair:4   | Reached XP level 13. HP: 17/106 MP: 17/17
 16505 | Lair:4   | Received a gift from Okawaru
 17433 | Lair:5   | Reached skill level 16 in Polearms
 17537 | Lair:5   | Slain by a boulder beetle

Illustrated notes

Levels and vault maps discovered:
D:1:      dpeg_arrival_fog, layout_loops_ring
D:2:      layout_rooms, minivault_19, uniq_sigmund, uniq_robin
D:3:      layout_basic, amcnicky_mini_pool_small
D:4:      layout_rooms, minmay_misc_feat_four_crosses, uniq_duvessa
D:5:      layout_basic, temple_doors_ab, serial_shops, kennysheep_little_box,
          nicolae_shop_crystal, nicolae_shop_overgrown_old_shop, shop, shop,
          serial_bayou_lake_a, uniq_ijyb
D:6:      layout_gridville, gammafunk_ghost_nasty_kobolds
D:7:      minmay_clustersquares, layout_gridville, dancing_weapons_uskayaw,
          serial_shops, nicolae_shop_behind_doors, shop_fountains, uniq_maggie
D:8:      layout_basic, grunt_ministairs_10, uniq_pikel, uniq_harold, uniq_grum
D:9:      layout_long_grid, due_lair_maze_entry_diamond, david_orc_5,
          fedhas_altar_fruit_tree
D:10:     cheibrodos_steamvent, layout_irregular_city,
          nicolae_ru_the_path_less_chosen
Temple:   compressed_dpeg_triangle_lava_temple
Lair:1:   layout_roguey, infiniplex_staircase_pool_2, serial_bayou_shore_b,
          serial_bayou_shore_a
Lair:2:   layout_chaotic_city, minmay_swamp_entry_reptiles, beast_lair_carwin_10
Lair:3:   layout_gridlike, minmay_snake_entry_six_corridors,
          gammafunk_ghost_hydra_chop, st_stairs_10, beast_lair_carwin_9,
          uniq_gastronok
Lair:4:   beast_lair_carwin_large_2, layout_cave_pods
Lair:5:   layout_long_grid, st_stairs_5

Skill      XL: |  1  2  3  4  5  6  7  8  9 10 11 12 13 |
---------------+----------------------------------------+-----
Fighting       | 4 6 8 9 10 12 | 12.8
Polearms       | 5 7 8 10 12 13 15 16 | 16.1
Evocations     | 1 2 3 5 6 7 |  7.1
Armour         | 4 5 7 8 9 10 | 10.9
Dodging        | 1 2 3 4 5 6 7 8 |  8.0
Invocations    | 1 3 4 5 6 7 |  7.0
Shields        | |  3.6

Action                   |  1- 3 |  4- 6 |  7- 9 | 10-12 | 13-15 || total
-------------------------+-------+-------+-------+-------+-------++-------
Melee: Trident           |    89 |   186 |   343 |       |    12 ||   630
       Headbutt          |     6 |    20 |    57 |   100 |    38 ||   221
       Glaive            |       |       |   116 |   632 |   117 ||   865
       Bardiche          |       |       |       |       |     6 ||     6
Invok: Heroism           |       |       |     2 |     4 |     2 ||     8
       Finesse           |       |       |       |     1 |     1 ||     2
Evoke: Wand              |       |       |       |     8 |       ||     8
  Use: Scroll            |     4 |     7 |     8 |     8 |     1 ||    28
       Potion            |       |       |     4 |     6 |     2 ||    12
Armor: Scale mail        |    20 |       |       |       |       ||    20
       Chain mail        |     4 |    88 |   103 |       |       ||   195
       Plate armour      |       |       |   187 |   491 |    83 ||   761
Dodge: Dodged            |    13 |    43 |   131 |   345 |    74 ||   606
Block: Kite shield       |    25 |    88 |   117 |       |       ||   230
